 Dungeon Crawl Stone Soup version 0.22.1-5-g62c59d9 (webtiles) character file.

64 Fang the Skirmisher (level 4, -2/29 HPs)
             Began as a Gargoyle Berserker on Jan 14, 2019.
             Was a Believer of Trog.
             Slain by Sigmund
             ... wielding a +0 scythe
              (6 damage)
             ... on level 2 of the Dungeon.
             The game lasted 00:01:09 (1331 turns).

Fang the Skirmisher (Gargoyle Berserker)            Turns: 1331, Time: 00:01:09

Health: -2/29      AC:  5    Str: 21    XL:     4   Next: 12%
Magic:  4/4        EV: 12    Int:  8    God:    Trog [**....]
Gold:   78         SH:  0    Dex:  9    Spells: 3/3 levels left

rFire    . . .     SeeInvis .   a - +0 hand axe
rCold    . . .     Gourm    .   (no shield)
rNeg     + + .     Faith    .   b - +0 animal skin
rPois    ∞         Spirit   .   (no helmet)
rElec    +         Reflect  .   (no cloak)
rCorr    .         Harm     .   (no gloves)
MR       .....                  (no boots)
Stlth    +.........             (no amulet)
HPRegen  0.09/turn              f - ring of positive energy
MPRegen  0.09/turn              (no ring)

@: berserk cooldown, slowed, very slow
A: negative energy resistance 1, electricity resistance, unbreathing,
petrification resistance, rot immunity, AC +3
a: Berserk, Trog's Hand, Renounce Religion


You were on level 2 of the Dungeon.
You worshipped Trog.
Trog was pleased with you.
You were very hungry.

You visited 1 branch of the dungeon, and saw 2 of its levels.

You collected 78 gold pieces.

Inventory:

Hand Weapons
 a - a +0 hand axe (weapon)
Armour
 b - a +0 animal skin (worn)
Jewellery
 f - a ring of positive energy (left hand)
Scrolls
 e - a scroll of identify {unknown}
 h - a scroll of blinking {unknown}
Potions
 d - a potion of lignification {unknown}
 g - a potion of heal wounds {unknown}
Comestibles
 c - 4 rations


   Skills:
 + Level 4.0 Fighting
 + Level 3.3 Axes
 + Level 2.2 Armour
 + Level 2.4 Dodging


You had 3 spell levels left.
You didn't know any spells.
Your spell library was empty.

Dungeon Overview and Level Annotations

Branches:
Dungeon (2/15)

Altars:

Annotations:
D:2 Sigmund


Innate Abilities, Weirdness & Mutations

You are resistant to torment.
Your stone body is resilient. (AC +3)
You are immune to poison.
You resist negative energy. (rN+)
You are resistant to electric shocks. (rElec)
You can survive without breathing.
You are immune to petrification.
You are immune to rotting.


Message History

You are no longer berserk.
You are exhausted.
You feel yourself slow down.
You bump into the rock wall.
Sigmund giggles. "Time to reap what you sow."
Sigmund hits you with a scythe!
You bump into the rock wall.
You feel less confused. Sigmund barely misses you. Sigmund closely misses you.
Sigmund mumbles some strange words.
Sigmund flickers and vanishes!
Deactivating autopickup; reactivate with Ctrl-A.
Something hits you. Something hits you.
* * * LOW HITPOINT WARNING * * *
You hear some strange, mumbled words.
Something tries to affect you, but you resist.
Something hits you.
You die...

####### ......#
....... ######.
######.#
.....#..
####.##.###
#.##...#########
#..##........@.#
##.............#
####..........#
#..........#
#....<.....#
#..........#
############


There were no monsters in sight!

Vanquished Creatures
  2 adders (D:2)
  2 worms (D:2)
  A dart slug (D:1)
  2 leopard geckos
  3 bats
  2 giant cockroaches
  6 goblins
  5 hobgoblins
  4 kobolds
  A quokka (D:2)
  3 frilled lizards
  4 rats
35 creatures vanquished.

Notes
Turn   | Place    | Note
-------+----------+-------------------------------------------
     0 | D:1      | Fang the Gargoyle Berserker began the quest for the Orb.
     0 | D:1      | Reached XP level 1. HP: 14/14 MP: 1/1
   134 | D:1      | Reached XP level 2. HP: 16/19 MP: 2/2
   816 | D:1      | Reached XP level 3. HP: 23/24 MP: 3/3
  1079 | D:2      | Reached ** piety under Trog
  1228 | D:2      | Reached skill level 4 in Fighting
  1252 | D:2      | Reached XP level 4. HP: 15/29 MP: 4/4
  1313 | D:2      | Noticed Sigmund
  1331 | D:2      | Slain by Sigmund

Skill      XL: |  1  2  3 |
---------------+----------+-----
Axes           | 3 |  3.3
Dodging        | 2 |  2.4
Fighting       | 4 |  4.0
Armour         | |  2.2

Action                   |  1- 3 |  4- 6 || total
-------------------------+-------+-------++-------
Melee: Hand axe          |   123 |     7 ||   130
Invok: Berserk           |       |     1 ||     1
 Stab: Sleeping          |     1 |       ||     1
  Eat: Chunk             |     1 |       ||     1
Armor: Animal skin       |    39 |     5 ||    44
Dodge: Dodged            |   109 |     6 ||   115
